 Dungeon Crawl Stone Soup version 0.31.0-12-g77e489cdc1 (webtiles) character file.

Game seed: 10516653245104283697

5714 Peloso the Carver (level 10, -10/90 HPs)
             Began as a Minotaur Fighter on Feb 11, 2024.
             Was an Elder of Okawaru.
             Mangled by Snorg (15 damage)
             ... on level 9 of the Dungeon.
             The game lasted 00:21:25 (11169 turns).

Peloso the Carver (Minotaur Fighter)               Turns: 11169, Time: 00:21:25

Health: -10/90     AC: 20    Str: 21    XL:     10   Next: 48%
Magic:  8/9        EV:  8    Int:  5    God:    Okawaru [****..]
Gold:   579        SH:  6    Dex: 14    Spells: 9/9 levels left

rFire   . . .        a - +1 scimitar (flame)
rCold   . . .        d - +0 buckler
rNeg    . . .        q - +0 plate armour
rPois   .            (helmet restricted)
rElec   .            G - +2 cloak
rCorr   +            c - +0 pair of gloves
SInv    .            (no boots)
Will    .....        (no amulet) Stlth
                     j - ring of resist corrosion
HPRegen 0.35/turn    (no ring)
MPRegen 0.11/turn

%: no passive effects
@: no status effects
A: horns 2, retaliatory headbutt
a: Renounce Religion, Heroism, Finesse


You were on level 9 of the Dungeon.
You worshipped Okawaru.
Okawaru was greatly pleased with you.
You visited 1 branch of the dungeon, and saw 10 of its levels.
You also visited: Sewer.

You collected 579 gold pieces.

Inventory:

Hand Weapons
 a - a +1 scimitar of flaming (weapon)
 b - a +0 scimitar
 x - the +6 shillelagh "Devastator" {shatter}
   (You found it on level 5 of the Dungeon)
Armour
 c - a +0 pair of gloves (worn)
 d - a +0 buckler (worn)
 f - +0 fire dragon scales
 q - a +0 plate armour (worn)
 G - a +2 cloak (worn)
Jewellery
 i - a +4 ring of slaying
 j - a ring of resist corrosion (left hand)
 p - an amulet of guardian spirit
Wands
 g - a wand of flame (6)
Scrolls
 e - 2 scrolls of blinking
 k - 2 scrolls of poison {unknown}
 l - 4 scrolls of teleportation
 s - a scroll of revelation
 t - 2 scrolls of immolation {unknown}
 u - a scroll of fear
 v - a scroll of amnesia
 w - 8 scrolls of identify
 y - a scroll of summoning
Potions
 h - 2 potions of might
 n - 2 potions of magic
 B - a potion of heal wounds {unknown}
 C - 5 potions of lignification
 D - a potion of mutation {unknown}
 E - a potion of enlightenment {unknown}
 F - a potion of attraction


   Skills:
 + Level 8.4 Fighting
 + Level 11.6 Long Blades
 + Level 1.2 Maces & Flails
 + Level 11.4 Armour
 + Level 3.1 Dodging
 + Level 0.6 Stealth
 + Level 6.7 Shields
 + Level 0.3 Evocations


You had 9 spell levels left.
You didn't know any spells.
Your spell library contained the following spells:

 Spells                   Type           Power      Damage    Failure   Level
 Mercury Vapours          Alch/Air       0%         N/A       100%        2
 Mephitic Cloud           Conj/Alch/Air  0%         N/A       100%        3
 Ozocubu's Armour         Ice            0%         N/A       100%        3
 Freezing Cloud           Conj/Ice/Air   0%         6-21      100%        5
 Metabolic Englaciation   Hex/Ice        0%         N/A       100%        5
 Sculpt Simulacrum        Ice/Alch       Unusable   N/A       N/A         6

Dungeon Overview and Level Annotations

Branches:
Dungeon (10/15)            Temple (0/1) D:7            Lair (0/5) D:8
  Sewer (visited)
    Orc: D:9-12

Altars:
Ashenzari
Elyvilon
Fedhas
Gozag
Hepliaklqana
Nemelex Xobeh
Okawaru
Trog
Uskayaw
Vehumet
Wu Jian
Xom
Yredelemnul

Annotations:
D:4 Dig
D:9 Snorg
D:10 Grum


Innate Abilities, Weirdness & Mutations

You have a pair of horns on your head.
You reflexively headbutt those who attack you in melee.


Message History

Snorg is moderately wounded.
You feel like a meek peon again. The wolf bites you but does no damage.
Snorg bites you but does no damage. Snorg claws you! Snorg claws you.
You block the wolf's attack.
Okay, then.
Unknown command.
Your +1 scimitar of flaming bursts into flame!
a - a +1 scimitar of flaming (weapon)
Snorg bites you. Snorg barely misses you. Snorg claws you.
The wolf bites you but does no damage.
Unknown command.
You hit Snorg. You burn Snorg.
Snorg is moderately wounded.
The wolf bites you but does no damage.
Snorg beckons gently.
Snorg goes berserk!
Unknown command.
You slash Snorg! You burn Snorg.
Snorg is moderately wounded.
The wolf barely misses you. You furiously retaliate!
You headbutt the wolf!
You kill the wolf!
Okawaru accepts your kill. Snorg bites you. Snorg closely misses you.
Snorg claws you.
You hit Snorg. You burn Snorg.
Snorg is moderately wounded.
Snorg bites you but does no damage. You block Snorg's attack.
Snorg closely misses you.
You hit Snorg but do no damage.
Snorg is moderately wounded.
You block Snorg's attack. Snorg claws you but does no damage.
You block Snorg's attack. Snorg bites you! Snorg claws you!
* * * LOW HITPOINT WARNING * * *
Snorg claws you.
* * * LOW HITPOINT WARNING * * *
You slash Snorg! You burn Snorg.
Snorg is moderately wounded.
Snorg bites you!!
* * * LOW HITPOINT WARNING * * *
Snorg claws you!
You die...

##.####.# #.................
##....#.# #.................
#####.#.# #.................
#####.#.########.................
......#...............#####.#####
################......#####.# #
......#.......##########....### #
#####.#.#####.###..#####.##...# #
#.#.#####.##@T..[.##.#....###
#.#....##....))........_.†...
#.####.#####......###....#.##
#.####.#####......# #...##.#
#......'...#......# ###....#
##.....#[..#......# #.####
#########.####.##.#>#######.#
..##.####.####.##.######....#
...#.....<..(...#.#....#.####


You could see Snorg (berserk).

Vanquished Creatures
  Erica (D:9)
  An unseen horror (D:9)
  A troll (D:9)
  A hornet (D:9)
  Grinder (D:6)
  A wraith (D:9)
  2 steam dragons
  4 water moccasins
  Duvessa (D:6)
  2 orc warriors
  3 sky beasts
  A black bear (D:6)
  An ice beast (D:6)
  2 wolves (D:9)
  3 centaurs
  An ogre (D:4)
  A phantom (D:5)
  A kobold brigand (D:9)
  6 bullfrogs
  A gnoll sergeant (D:8)
  6 wights
  Dowan (D:6)
  2 bombardier beetles
  An electric eel (D:10)
  4 hounds
  A gnoll bouda (D:3)
  5 orc priests
  3 iguanas
  4 jellies
  Terence (D:2)
  5 orc wizards
  17 gnolls
  11 adders
  3 river rats (Sewer)
  2 white imps
  4 ufetubi (D:6)
  A dart slug (D:3)
  4 ribbon worms
  30 orcs
  11 bats
  15 endoplasms
  7 giant cockroaches
  9 goblins
  7 hobgoblins
  4 jackals (D:2)
  11 kobolds
  4 quokkas
  16 ball pythons
  3 frilled lizards
  11 rats
238 creatures vanquished.

Vanquished Creatures (others)
  A bullfrog (D:9)
1 creature vanquished.

Grand Total: 239 creatures vanquished

Notes
Turn   | Place    | Note
-------+----------+-------------------------------------------
     0 | D:1      | Peloso the Minotaur Fighter began the quest for the Orb.
     0 | D:1      | Reached XP level 1. HP: 19/19 MP: 0/0
   163 | D:1      | Reached XP level 2. HP: 13/27 MP: 1/1
   803 | D:1      | Reached XP level 3. HP: 8/33 MP: 2/2
  1046 | D:2      | Reached XP level 4. HP: 41/41 MP: 3/3
  1280 | D:2      | Noticed Terence
  1290 | D:2      | Killed Terence
  1387 | D:2      | Found a basalt altar of Yredelemnul.
  1951 | D:3      | Reached XP level 5. HP: 47/47 MP: 4/4
  2145 | D:3      | Reached skill level 1 in Dodging
  2153 | D:3      | Found a glowing drain.
  2198 | Sewer    | Entered a sewer
  2408 | Sewer    | Reached skill level 5 in Armour
  2408 | Sewer    | Reached XP level 6. HP: 18/53 MP: 5/5
  2561 | Sewer    | Reached skill level 5 in Long Blades
  2652 | Sewer    | Found a viscous altar of Jiyva.
  2807 | D:3      | Found an opulent altar of Gozag.
  2955 | D:3      | Found a faded altar of an unknown god.
  3104 | D:3      | Reached skill level 5 in Fighting
  3356 | D:4      | Reached XP level 7. HP: 25/61 MP: 6/6
  3498 | D:4      | Found an iron altar of Okawaru.
  3548 | D:4      | Became a worshipper of Warmaster Okawaru
  4633 | D:4      | Reached skill level 5 in Shields
  4735 | D:4      | Found a basalt altar of Yredelemnul.
  4775 | D:4      | Found a hide-covered altar of Uskayaw.
  4810 | D:4      | Noticed a steam dragon
  4826 | D:4      | Killed a steam dragon
  4953 | D:4      | Found a shimmering altar of Xom.
  5135 | D:4      | Found a broken altar of Ashenzari.
  5170 | D:5      | Entered Level 5 of the Dungeon
  5327 | D:5      | Reached * piety under Okawaru
  5428 | D:5      | Reached XP level 8. HP: 70/70 MP: 7/7
  5461 | D:5      | Found the +6 shillelagh "Devastator" {shatter}
  6214 | D:6      | Noticed Grinder
  6221 | D:6      | Killed Grinder
  6293 | D:6      | Found a bloodstained altar of Trog.
  6317 | D:6      | Noticed Duvessa
  6317 | D:6      | Noticed Dowan
  6338 | D:6      | Killed Duvessa
  6338 | D:6      | Reached ** piety under Okawaru
  6348 | D:6      | Killed Dowan
  6349 | D:6      | Reached skill level 1 in Maces & Flails
  6483 | D:6      | Found a sparkling altar of Nemelex Xobeh.
  6649 | D:6      | Reached XP level 9. HP: 71/78 MP: 8/8
  6853 | D:6      | Found a hazy altar of Hepliaklqana.
  7598 | D:7      | Found an ornate altar of the Wu Jian Council.
  7736 | D:7      | Reached *** piety under Okawaru
  7976 | D:7      | Found a staircase to the Ecumenical Temple.
  8057 | D:8      | Reached skill level 10 in Long Blades
  8169 | D:8      | Found a white marble altar of Elyvilon.
  8211 | D:8      | Found a staircase to the Lair.
  8844 | D:8      | Found a radiant altar of Vehumet.
  9520 | D:9      | Reached skill level 10 in Armour
  9677 | D:9      | Reached **** piety under Okawaru
 10001 | D:9      | Reached XP level 10. HP: 74/86 MP: 9/9
 10181 | D:9      | Found a blossoming altar of Fedhas.
 10467 | D:10     | Entered Level 10 of the Dungeon
 10491 | D:10     | Noticed Erica
 10909 | D:10     | Noticed Snorg
 10911 | D:10     | Noticed Grum
 10924 | D:9      | Killed Erica
 11169 | D:9      | Mangled by Snorg

Illustrated notes

Levels and vault maps discovered:
D:1:      dpeg_arrival_long_road, layout_basic
D:2:      layout_basic, serial_corexii_hall, corexii_hall_statues_x,
          corexii_hall_statues_x, basic_altar, hangedman_decor_diamond_cutter,
          uniq_terence
D:3:      layout_loops_ring, nicolae_gozag_cash_rules_everything_around_me,
          basic_ecumenical_altar, portal_sewer_entry_e, minmay_mini_jars
D:4:      layout_cave_pools, mainiacjoe_overflow_six_doors_small,
          mainiacjoe_overflow_alcove_2, pf_just_have_faith,
          mainiacjoe_overflow_large_starburst, due_unseen_surprise
D:5:      layout_loops_corners
D:6:      layout_basic, mainiacjoe_overflow_boulevard,
          mainiacjoe_overflow_paths, mainiacjoe_overflow_24_doors, uniq_duvessa,
          uniq_grinder
D:7:      layout_rooms, nicolae_wu_jian_immortal_techniques,
          minmay_temple_entry_glassed_door, kennysheep_generic_room_16
D:8:      layout_loops_ring, amcnicky_altar_gilded,
          lemuel_coloured_pillars_altar, lair_entry_dummy, serial_rivers,
          chequers_serial_rivers_room_b, chequers_serial_rivers_micro_e,
          chequers_serial_rivers_small_b, chequers_serial_rivers_small_3,
          chequers_serial_rivers_micro_a, grunt_decor_resistance
D:9:      layout_gridville, nicolae_overflow_crystal_walls,
          serial_co_window_serial, co_window_of_opportunity_a,
          co_window_corner_a, co_window_of_opportunity_a, co_window_corner_a,
          co_window_of_opportunity_a, co_window_paths_c,
          co_window_of_opportunity_b, co_window_cross_4, co_window_2corner,
          co_window_4corner_b, glass_columns_b, glass_columns_b
D:10:     layout_basic, minitemple, uniq_grum, uniq_snorg, uniq_erolcha,
          uniq_erica

Skill      XL: |  1  2  3  4  5  6  7  8  9 10 |
---------------+-------------------------------+-----
Shields        | 4 5 6 |  6.7
Long Blades    | 3 4 5 6 8 10 11 | 11.6
Fighting       | 4 5 6 7 8 |  8.4
Armour         | 4 5 6 8 10 11 | 11.4
Dodging        | 1 2 3 |  3.1
Maces & Flails | 1 |  1.2
Stealth        | |  0.6
Evocations     | |  0.3

Action                     |  1- 3 |  4- 6 |  7- 9 | 10-12 || total
---------------------------+-------+-------+-------+-------++-------
  Melee: Long sword        |    90 |   218 |   407 |       ||   715
         Headbutt          |    14 |    38 |    89 |     9 ||   150
         Shillelagh        |       |       |     7 |       ||     7
         Scimitar          |       |       |    16 |    62 ||    78
         Unarmed           |       |       |       |     5 ||     5
 Invoke: Heroism           |       |       |       |     2 ||     2
  Evoke: Wand              |       |       |       |     4 ||     4
    Use: Potion            |     3 |       |     2 |     5 ||    10
         Scroll            |       |     7 |     5 |     3 ||    15
 Armour: Scale mail        |    62 |    39 |       |       ||   101
         Chain mail        |       |   151 |    84 |       ||   235
         Plate armour      |       |       |   322 |   152 ||   474
  Dodge: Dodged            |    59 |   118 |   155 |    21 ||   353
  Block: Buckler           |    22 |    64 |    90 |    27 ||   203
